 Dungeon Crawl Stone Soup version 0.27.1 (webtiles) character file.

Game seed: 4219439286979355700

9 hawla the Sneak (level 2, 0/18 HPs)
             Began as a Deep Elf Delver on Sept 2, 2021.
             Was an Initiate of Ashenzari.
             Slain by a quasit (2 damage)
             ... summoned by Eustachio
             ... on level 5 of the Dungeon.
             The game lasted 00:02:50 (416 turns).

hawla the Sneak (Deep Elf Delver)                    Turns: 416, Time: 00:02:51

Health: 0/18       AC:  3    Str:  9      XL:     2   Next: 3%
Magic:  4/4        EV: 12    Int: 14      God:    Ashenzari [......]
Gold:   32         SH:  0    Dex: 15 (16) Spells: 1/1 levels left

rFire    . . .     SeeInvis .   a - +0 short sword
rCold    . . .     Faith    .   (no shield)
rNeg     . . .     Spirit   .   b - +0 leather armour
rPois    .         Reflect  .   (no helmet)
rElec    .         Harm     .   (no cloak)
rCorr    .         Rampage  .   (no gloves)
Will     .....                  (no boots)
Stlth    +++.......             (no amulet)
HPRegen  0.06/turn              (no ring)
MPRegen  0.09/turn              (no ring)

@: hasted, very quick
A: no striking features
a: Renounce Religion


You were on level 5 of the Dungeon.
You worshipped Ashenzari.
Ashenzari was noncommittal.
You visited 2 branches of the dungeon, and saw 3 of its levels.

You collected 32 gold pieces.

Inventory:

Hand Weapons
 a - a +0 short sword (weapon)
Armour
 b - a +0 leather armour (worn)
Wands
 g - a wand of digging (9)
Scrolls
 c - a scroll of fog
 d - a scroll of magic mapping


   Skills:
 + Level 2.5 Fighting
 + Level 2.0 Short Blades
 + Level 2.5 Dodging
 + Level 6.4 Stealth


You had one spell level left.
You didn't know any spells.
Your spell library was empty.

Dungeon Overview and Level Annotations

Branches:
Dungeon (5/15)             Temple (1/1) D:4

Altars:
Ashenzari
Elyvilon
Hepliaklqana
Kikubaaqudgha
Makhleb
Okawaru
Qazlal
Trog
Vehumet
Yredelemnul
Zin

Annotations:
D:5 Eustachio


Message History

You closely miss Eustachio.
Eustachio is heavily wounded.
Eustachio hits you with a +0 rapier.
You closely miss Eustachio.
Eustachio is heavily wounded.
The quasit barely misses you. x2
The quasit claws you but does no damage.
Eustachio mumbles some strange words.
Eustachio blinks!
The white imp gestures at you. The puff of frost hits you!
Ouch! That really hurt!
* * * LOW HITPOINT WARNING * * *
You feel better. The quasit closely misses you. x3
Eustachio mumbles some strange words.
Eustachio blinks!
The white imp shouts, "Crawl home, thou cockered weevil-witted jarkman!"
The white imp hits you. The white imp freezes you.
* * * LOW HITPOINT WARNING * * *
You feel better.
The quasit bites you but does no damage.
The quasit claws you.
* * * LOW HITPOINT WARNING * * *
The quasit claws you but does no damage.
Eustachio casts a spell.
The quasit misses you. The quasit claws you.
* * * LOW HITPOINT WARNING * * *
The quasit claws you but does no damage.
The white imp hits you but does no damage.
You feel yourself speed up. The bat hits you but does no damage.
The bat barely misses you. The bat hits you but does no damage.
Eustachio gestures wildly while chanting.
The quasit bites you.
* * * LOW HITPOINT WARNING * * *
The quasit barely misses you. The quasit claws you.
* * * LOW HITPOINT WARNING * * *
You feel clumsy. The white imp barely misses you.
You hit the quasit but do no damage. The quasit bites you.
You die...

## #.
####.###
##.[....##
#........##
......bb5.#
.....r@@..#
.......5..#
..........#
..........#
#.......!##
#........#
..........
..........


You could see Eustachio, a quasit (summoned), a white imp (summoned), 2 bats and
a rat (summoned).

Vanquished Creatures
  An adder (Temple)
1 creature vanquished.

Notes
Turn   | Place    | Note
-------+----------+-------------------------------------------
     0 | D:5      | hawla the Deep Elf Delver began the quest for the Orb.
     0 | D:5      | Reached XP level 1. HP: 13/13 MP: 3/3
   113 | D:4      | Found a staircase to the Ecumenical Temple.
   122 | Temple   | Entered the Ecumenical Temple
   129 | Temple   | Reached XP level 2. HP: 18/18 MP: 4/4
   337 | Temple   | Became a worshipper of Ashenzari the Shackled
   409 | D:5      | Noticed Eustachio
   416 | D:5      | Slain by a quasit

Illustrated notes

Levels and vault maps discovered:
D:4:      layout_basic, chequers_temple_overflow_statue_of_worship,
          minmay_temple_entry_stoned_glass
D:5:      layout_rooms, uniq_eustachio
Temple:   minmay_temple_curvy_loop

Action                   || total
-------------------------++-------
Melee: Short sword       ||    12
  Use: Potion            ||     3
       Scroll            ||     1
 Stab: Sleeping          ||     1
Armor: Leather armour    ||    10
Dodge: Dodged            ||    16
